 Dungeon Crawl Stone Soup version 0.29-a0-317-gd16b76e6b1 (webtiles) character file.

Game seed: 3671364123770394078

797 Leszczynek the Chopper (level 8, 8/62 HPs)
             Began as a Human Gladiator on Mar 31, 2022.
             Was a Believer of Okawaru.
             Quit the game on level 6 of the Dungeon.
             The game lasted 00:11:46 (1808 turns).

Leszczynek the Chopper (Human Gladiator)            Turns: 1808, Time: 00:11:47

Health: 8/62       AC: 18    Str: 22    XL:     8   Next: 13%
Magic:  9/9        EV: 12    Int: 10    God:    Okawaru [**....]
Gold:   123        SH:  0    Dex: 14    Spells: 7/7 levels left

rFire   . . .      SeeInvis .   a - +8 mace of Roetsen {protect, rElec}
rCold   . . .      Faith    .   (no shield)
rNeg    . . .      Spirit   .   o - +0 ring mail
rPois   .          Reflect  .   t - +0 helmet
rElec   +          Harm     .   e - +1 cloak
rCorr   .          Rampage  .   (no gloves)
Will    .....                   f - +2 pair of boots
Stlth   +.........              q - amulet of magic regeneration
HPRegen 0.20/turn               r - +6 ring of strength
MPRegen 0.51/turn               (no ring)

@: lethally poisoned (8 -> -9), under a protective aura, hasted and slowed
A: no striking features
a: Renounce Religion, Heroism


You were on level 6 of the Dungeon.
You worshipped Okawaru.
Okawaru was pleased with you.
You visited 1 branch of the dungeon, and saw 6 of its levels.

You collected 123 gold pieces.

Inventory:

Hand Weapons
 a - the +8 mace of Roetsen (weapon) {protect, rElec}
   (You found it on level 2 of the Dungeon)

   It grants its wielder temporary protection when it strikes (+7 to AC).
   rElec:     It insulates you from electricity.
 c - a +0 long sword
 l - the +2 mace of Imbalance {vorpal, rF+}
   (You found it on level 2 of the Dungeon)

   It inflicts extra damage upon your enemies.
   rF:        It protects you from fire.
 p - a +0 war axe
Missiles
 d - 3 throwing nets
 g - a boomerang (quivered)
 s - 6 atropa-tipped darts
Armour
 b - a +0 leather armour
 e - a +1 cloak (worn)
 f - a +2 pair of boots (worn)
 o - a +0 ring mail (worn)
 t - a +0 helmet (worn)
Jewellery
 q - an amulet of magic regeneration (around neck)
 r - a +6 ring of strength (left hand)
Scrolls
 h - 2 scrolls of fog
 m - a scroll of brand weapon
 n - a scroll of teleportation
Potions
 i - a potion of might
 j - a potion of mutation {!q}


   Skills:
 * Level 5.1 Fighting
 * Level 5.6 Axes
 + Level 3.8 Throwing
 + Level 4.4 Dodging
 + Level 1.7 Invocations


You had 7 spell levels left.
You didn't know any spells.
Your spell library contained the following spells:

 Spells                   Type           Power      Damage    Failure   Level
 Slow                     Hex            0%         N/A       52%         1
 Confusing Touch          Hex            0%         N/A       88%         3
 Ozocubu's Armour         Ice            0%         N/A       88%         3
 Vampiric Draining        Necr           0%         2d6       88%         3
 Ozocubu's Refrigeration  Ice            0%         4d5       100%        7


Dungeon Overview and Level Annotations

Branches:
Dungeon (6/15)
 Temple: D:4-7

Altars:
Gozag
Hepliaklqana
Nemelex Xobeh
Okawaru


Message History

Your magical effects are unravelling.
You feel magically purged.
You feel yourself speed up.
You feel sick.
The hornet stings you but does no damage.
The hornet closely misses you. x2
You completely miss the hornet.
You feel sick. The hornet stings you.
You are more poisoned.
You feel yourself slow down.
You hit the hornet.
Your weapon exudes an aura of protection.
The hornet is lightly wounded.
You feel very sick. The hornet misses you.
The hornet stings you but does no damage.
You barely miss the hornet.
The hornet is lightly wounded.
You feel yourself speed up.
You feel very sick. The hornet misses you.
The hornet stings you but does no damage.
The hornet barely misses you.
You hit the hornet. Your punch misses the hornet.
The hornet is moderately wounded.
You feel sick. The hornet stings you.
You are more poisoned.
You feel yourself slow down.
You barely miss the hornet.
The hornet is moderately wounded.
You feel yourself speed up.
You feel very sick. The hornet closely misses you.
The hornet barely misses you.
You feel yourself speed up.
You feel like a meek peon again.
You feel sick. The hornet stings you.
* * * LOW HITPOINT WARNING * * *
You are more poisoned.
You feel yourself slow down.
The hornet stings you but does no damage.
Are you sure you want to abandon this character and quit the game? (Confirm with "yes".)

...####.........###.##.#
.8['.####.....#.#......#
...#.#####...##.#.#.####
...#..........#.#.#.#
..###.####..#.#.....#
.##............##.### #
###.#........##.#
#.#..#.....##.#
#.........Oy@.#
#..<.....#.####
###........# #......###
####...# #.O.# #..†#
#..y# #)..#


You could see a hornet and an ogre.

Vanquished Creatures
  2 black bears
  An ogre (D:5)
  A centaur (D:5)
  Blork the orc (D:5)
  Crazy Yiuf (D:2)
  A jelly (D:5)
  2 hounds
  2 iguanas
  An orc wizard (D:4)
  Robin (D:2)
  5 gnolls
  2 adders
  2 shadow imps
  An ufetubus (D:4)
  3 worms
  A dart slug (D:1)
  5 orcs
  6 ball pythons
  6 bats
  6 endoplasms
  2 giant cockroaches
  16 goblins
  7 hobgoblins
  3 jackals (D:4)
  5 quokkas
  2 frilled lizards
  7 kobolds
  A rat (D:1)
93 creatures vanquished.

Notes
Turn   | Place    | Note
-------+----------+-------------------------------------------
     0 | D:1      | Leszczynek the Human Gladiator began the quest for the Orb.
     0 | D:1      | Reached XP level 1. HP: 16/16 MP: 1/1
     0 | D:1      | straight loss from full hp against a white imp
     0 | D:1      | that's a new one
   100 | D:1      | Reached XP level 2. HP: 20/22 MP: 2/2
   332 | D:2      | Reached XP level 3. HP: 22/28 MP: 3/3
   436 | D:2      | Found a runed translucent door.
   437 | D:2      | Noticed Crazy Yiuf
   600 | D:2      | Noticed Robin
   613 | D:2      | Reached XP level 4. HP: 28/34 MP: 4/4
   628 | D:2      | Killed Robin
   649 | D:2      | Reached skill level 3 in Fighting
   705 | D:3      | Found an iron altar of Okawaru.
   712 | D:3      | Became a worshipper of Warmaster Okawaru
   988 | D:2      | Killed Crazy Yiuf
   989 | D:2      | Reached skill level 4 in Axes
   989 | D:2      | Reached XP level 5. HP: 39/41 MP: 5/5
  1009 | D:2      | Identified the +8 mace of Roetsen {protect, rElec}
  1011 | D:2      | Identified the +2 mace of Imbalance {vorpal, rF+}
  1128 | D:3      | You fall into a shaft and drop 1 floor!
  1275 | D:4      | Reached XP level 6. HP: 32/48 MP: 6/6
  1356 | D:4      | Reached skill level 3 in Throwing
  1376 | D:4      | Reached * piety under Okawaru
  1410 | D:5      | Entered Level 5 of the Dungeon
  1410 | D:5      | Noticed an ogre
  1415 | D:5      | Reached skill level 4 in Fighting
  1418 | D:5      | Killed an ogre
  1419 | D:5      | Reached skill level 4 in Dodging
  1419 | D:5      | Reached XP level 7. HP: 51/54 MP: 7/7
  1450 | D:5      | Reached skill level 5 in Axes
  1485 | D:5      | Reached skill level 1 in Invocations
  1624 | D:5      | Noticed Blork the orc
  1638 | D:5      | Killed Blork the orc
  1666 | D:5      | Found a hazy altar of Hepliaklqana.
  1730 | D:6      | Reached ** piety under Okawaru
  1731 | D:6      | Reached skill level 5 in Fighting
  1731 | D:6      | Reached XP level 8. HP: 60/62 MP: 9/9
  1752 | D:6      | Found an opulent altar of Gozag.
  1753 | D:6      | Found a sparkling altar of Nemelex Xobeh.
  1788 | D:6      | Noticed a hornet
  1798 | D:6      | Paralysed by a hornet for 1 turns
  1807 | D:6      | HP: 8/62 [hornet (5)]
  1808 | D:6      | Quit the game

Illustrated notes

##++##
#+##...P##+#
#..........#
#PP..@...♣
##P♣♣P♣PPP#
### ###


Turn 0 on D:1: straight loss from full hp against a white imp

Levels and vault maps discovered:
D:1:      denvon_arrival_planthouse, layout_basic,
          hellmonk_ecumenical_altar_run_dry
D:2:      minmay_diamond_boxcup, layout_basic, basic_altar, uniq_robin,
          uniq_crazy_yiuf_cottage
D:3:      layout_rooms, nicolae_overflow_crystal_walls, serial_shops,
          nicolae_square_shop, uniq_sigmund
D:4:      layout_basic, temple_hall, hangedman_abyss_or_decor_stabs,
          minmay_door_square
D:5:      layout_cave_pools, nicolae_overflow_hidden_temple, uniq_blork_the_orc
D:6:      layout_loops_cross, grunt_temple_overflow_opulence, tso_oasis_becter,
          uniq_maggie

Skill      XL: |  1  2  3  4  5  6  7 |
---------------+----------------------+-----
Fighting       | 3 4 5 |  5.1
Axes           | 4 5 |  5.6
Throwing       | 3 |  3.8
Dodging        | 4 |  4.4
Invocations    | 1 |  1.7

Action                   |  1- 3 |  4- 6 |  7- 9 || total
-------------------------+-------+-------+-------++-------
Melee: War axe           |    77 |    52 |       ||   129
       Punch             |     1 |     4 |     1 ||     6
       Mace              |       |    66 |    43 ||   109
Throw: Throwing net      |       |     4 |       ||     4
       Boomerang         |       |     8 |     4 ||    12
       Javelin           |       |     1 |       ||     1
Invok: Heroism           |       |     1 |     2 ||     3
  Use: Scroll            |     5 |     2 |     3 ||    10
       Potion            |       |       |     2 ||     2
 Stab: Held in net/web   |       |     2 |       ||     2
Armor: Leather armour    |    33 |    11 |       ||    44
       Ring mail         |       |    31 |    31 ||    62
Dodge: Dodged            |    51 |    71 |    40 ||   162

Table legend: (Time is in decaauts)
 A = Elapsed time spent in this place.
 B = Non-inter-level travel time spent in this place.
 C = Inter-level travel time spent in this place.
 D = Time resting spent in this place.
 E = Time spent auto-exploring this place.
 F = Levels seen in this place.
 G = Mean time per level.
                   A        B        C        D        E       F      G
               +--------+--------+--------+--------+--------+-----+--------+
         Total |   1917 |   1828 |     89 |      0 |      0 |   6 |  319.5 |
       Dungeon |   1917 |   1828 |     89 |      0 |      0 |   6 |  319.5 |
               +--------+--------+--------+--------+--------+-----+--------+

Top non-repeatable levels by time:
     D:2: 656 daAuts
     D:3: 469 daAuts
     D:4: 319 daAuts
     D:5: 237 daAuts
     D:1: 144 daAuts
     D:6: 89 daAuts
